 Dungeon Crawl Stone Soup version 0.16-a0-3699-g1c51eb1 (console) character file.

1171 MrRokkomies the Martial Artist (level 8, -2/58 HPs)
             Began as an Octopode Transmuter on Jan 18, 2015.
             Slain by Ijyb (4 damage)
             ... on level 6 of the Dungeon.
             The game lasted 00:19:42 (4418 turns).

MrRokkomies the Martial Artist (OpTm)               Turns: 4418, Time: 00:19:42

Health: -2/58      AC:  3    Str:  9    XL:     8   Next: 41%
Magic:  13/13      EV: 13    Int: 17    God:
Gold:   39         SH:  0    Dex: 13    Spells: 3 memorised, 2 levels left

rFire  + . .     SeeInvis .       - Unarmed
rCold  + . .     Clarity  .     (no shield)
rNeg   . . .     SustAb   .     x - +2 hat
rPois  +         Gourm    .     m - amulet of resist mutation
rElec  +         Spirit   .     (no ring)
rCorr  +         Warding  .     (no ring)
rMut   +         Stasis   .     (no ring)
MR     .....                    (no ring)
Stlth  ++++......               (no ring)
                                (no ring)
                                (no ring)
                                (no ring)

@: resistant, not resistant to hostile enchantments, stealthy
A: almost no armour, amphibious, 8 rings, constrict 8, camouflage 1, gelatinous
body 1
a: no special abilities


You were on level 6 of the Dungeon.
You were hungry.

You visited 1 branch of the dungeon, and saw 6 of its levels.
You also visited: Sewer.

You collected 231 gold pieces.
You spent 192 gold pieces at shops.

Inventory:

Hand weapons
 c - a +0 dagger of venom
Missiles
 b - 24 arrows
 g - 23 stones (quivered)
 j - 3 javelins of penetration
 l - 54 poisoned needles
 w - 4 tomahawks
Armour
 x - a +2 hat (worn)
Magical staves
 y - an uncursed staff of energy
Jewellery
 m - an amulet of resist mutation (around mantle)
Magical devices
 p - a wand of fire (3)
 t - a wand of frost (19)
 v - a wand of disintegration (8)
 z - a wand of draining (4)
 A - a wand of draining (8)
Scrolls
 e - 2 scrolls of blinking
 i - a scroll of fear
 r - a scroll of magic mapping
 u - 2 scrolls of remove curse
Potions
 h - 4 potions of brilliance
 o - a potion of flight
Books
 d - a book of Changes

   Spells                             Type                      Level
   a - Beastly Appendage              Transmutation                1
   b - Sticks to Snakes               Transmutation                2
   c - Spider Form                    Transmutation/Poison         3
   d - Ice Form                       Ice/Transmutation            4
   e - Blade Hands                    Transmutation                5
 s - a book of Maledictions

   Spells                             Type                      Level
   a - Corona                         Hexes                        1
   b - Sure Blade                     Hexes/Charms                 2
   c - Ensorcelled Hibernation        Hexes/Ice                    2
   d - Confuse                        Hexes                        3
   e - Dazzling Spray                 Conjuration/Hexes            3
   f - Enslavement                    Hexes                        4
Comestibles
 a - 4 bread rations
 f - 2 beef jerkies
 k - 3 meat rations
 n - 3 royal jellies


   Skills:
 - Level 6.4 Fighting
 * Level 2.8 Dodging
 + Level 4.5 Stealth
 - Level 10.0 Unarmed Combat
 - Level 2.0 Spellcasting
 * Level 4.7 Transmutations


You had 2 spell levels left.
You knew the following spells:

 Your Spells              Type           Power        Failure   Level  Hunger
a - Beastly Appendage     Trmt           ###...       2%          1    #......
b - Spider Form           Trmt/Pois      #.........   24%         3    ###....
c - Blade Hands           Trmt           ###.......   82%         5    ######.


Dungeon Overview and Level Annotations

Branches:
Dungeon (6/15)
 Temple: D:4-7

Altars:

Shops:
D:5 }[%(

Annotations:
D:6 Ijyb


Innate Abilities, Weirdness & Mutations

You cannot wear most types of armour.
You are amphibious.
You can wear up to eight rings at the same time.
You can use your tentacles to constrict many enemies at once.
Your skin changes colour to match your surroundings (Stealth).
Your rubbery body absorbs attacks (AC +1).


Message History

* * * LOW HITPOINT WARNING * * *
You are too injured to fight recklessly!
You are too injured to fight recklessly!
You are too injured to fight recklessly!
You are too injured to fight recklessly!
Drink which item? (? for menu, Esc to quit)
You feel protected.
Ijyb zaps a wand.
The bolt of cold misses you.
Evoke which item? (* to show all) (? for menu, Esc to quit)
Okay, then.
Drink which item? (? for menu, Esc to quit)
Okay, then.
Evoke which item? (* to show all) (? for menu, Esc to quit)
Zapping:
p - a wand of fire (4)
Press: ? - help, Shift-Dir - straight line, f - Ijyb
Aim: Ijyb, carrying a wand of cold {zapped: 4} The bolt of fire hits Ijyb.
Ijyb is severely wounded.
This wand has 3 charges left.
Ijyb hits you.
You die...

#######
#.....#
#.....#
+..<..#
#.....#
#.....#
#...!.###
..####+#....#
.......'@...#
.......#g...#
.####+#....#
#....# +....#
#....# #...!#
#....+ #..


You could see Ijyb.

Vanquished Creatures
  Purgy (Sewer)
  A black bear (D:5)
  2 sky beasts (D:5)
  2 ogres
  A scorpion (D:5)
  A crimson imp (D:5)
  A giant frog skeleton (D:5)
  2 hounds (D:5)
  An orc priest (D:3)
  2 iguanas
  3 orc wizards
  3 worker ants
  A hound zombie (D:5)
  A worker ant zombie (D:5)
  2 adders
  5 giant mites
  2 worms
  5 giant geckos
  An ooze (D:2)
  12 orcs
  A ball python (D:2)
  7 bats
  A bat skeleton (D:4)
  11 giant cockroaches
  10 goblins
  5 hobgoblins
  7 jackals
  14 kobolds
  2 quokkas (D:3)
  A giant cockroach zombie (D:5)
  A giant gecko skeleton (D:4)
  6 giant newts
  A jackal skeleton (D:4)
  A quokka skeleton (D:5)
  9 rats
126 creatures vanquished.

Notes
Turn   | Place    | Note
--------------------------------------------------------------
     0 | D:1      | MrRokkomies, the Octopode Transmuter, began the quest for the Orb.
     0 | D:1      | Reached XP level 1. HP: 13/13 MP: 3/3
   133 | D:1      | Reached skill level 1 in Stealth
   133 | D:1      | Reached XP level 2. HP: 9/18 MP: 4/4
   431 | D:1      | Reached XP level 3. HP: 11/24 MP: 6/6
   863 | D:1      | Reached skill level 6 in Fighting
   863 | D:1      | Reached skill level 9 in Unarmed Combat
   863 | D:1      | Reached XP level 4. HP: 27/36 MP: 7/7
  1250 | D:2      | Learned a level 3 spell: Spider Form
  1666 | D:3      | Found a glowing drain.
  1680 | D:3      | Reached XP level 5. HP: 37/42 MP: 9/9
  1866 | Sewer    | Entered a sewer
  1997 | Sewer    | Noticed Purgy
  2024 | Sewer    | Killed Purgy
  2024 | Sewer    | Reached XP level 6. HP: 29/47 MP: 6/10
  2274 | D:3      | Upgraded the game from 0.16-a0-3695-ga3e2ed8 to 0.16-a0-3699-g1c51eb1
  2668 | D:3      | Learned a level 5 spell: Blade Hands
  3315 | D:4      | Reached XP level 7. HP: 53/53 MP: 8/12
  3471 | D:5      | Entered Level 5 of the Dungeon
  3539 | D:5      | Found Trafuazu's Armour Shoppe.
  3551 | D:5      | Bought a +2 hat for 192 gold pieces
  3557 | D:5      | Found Caoppim's Antique Weapon Shoppe.
  3747 | D:5      | Reached skill level 10 in Unarmed Combat
  3752 | D:5      | Reached XP level 8. HP: 47/58 MP: 13/13
  3845 | D:5      | Found Qih Isch's Food Shoppe.
  3868 | D:5      | Found Shrawn's Gadget Shop.
  4411 | D:6      | Noticed Ijyb
  4416 | D:6      | HP: 2/58 [Ijyb/wand of cold (31)]
  4418 | D:6      | Slain by Ijyb

Action                   |  1- 3 |  4- 6 |  7- 9 || total
-------------------------+-------+-------+-------++-------
Melee: Unarmed           |    45 |   132 |    89 ||   266
       Dagger            |       |     2 |       ||     2
Throw: Stone             |       |     3 |       ||     3
       Tomahawk          |       |     3 |     8 ||    11
 Cast: Beastly Appendage |     1 |     2 |     1 ||     4
       Spider Form       |       |     4 |     3 ||     7
Evoke: Wand              |       |       |     1 ||     1
  Use: Scroll            |     4 |     8 |     3 ||    15
       Potion            |     1 |     2 |     1 ||     4
 Stab: Sleeping          |     3 |    10 |     9 ||    22
  Eat: Chunk             |       |     8 |     3 ||    11
